 Dungeon Crawl Stone Soup version 0.24.0-13-gcf9b3192b9 (webtiles) character file.

Game seed: 9538569107549899071, levelgen mode: deterministic

122 FishyPogo the Shield-Bearer (level 4, 0/61 HPs)
             Began as a Minotaur Fighter on Nov 8, 2019.
             Was an Initiate of Ru.
             Slain by a gnoll
             ... wielding a +0 flail
              (5 damage)
             ... on level 2 of the Dungeon.
             The game lasted 00:05:48 (1111 turns).

FishyPogo the Shield-Bearer (Minotaur Fighter)      Turns: 1111, Time: 00:05:48

Health: 0/61       AC: 22    Str: 21    XL:     4   Next: 78%
Magic:  3/3        EV:  2    Int:  5    God:    Ru [......]
Gold:   114        SH:  9    Dex: 10    Spells: 3/3 levels left

rFire    . . .     SeeInvis .   a - +0 flail
rCold    . . .     Gourm    .   c - +0 shield
rNeg     + + +     Faith    .   (armour currently unavailable)
rPois    +         Spirit   .   (helmet currently unavailable)
rElec    .         Reflect  .   (cloak currently unavailable)
rCorr    .         Harm     .   (gloves currently unavailable)
MR       .....     NoTele   +   (boots currently unavailable)
Stlth    +.........             (no amulet)
HPRegen  0.20/turn              o - ring of flight
MPRegen  0.08/turn              (no ring)

@: tree-form
A: (retaliatory headbutt)
a: Renounce Religion


You were on level 2 of the Dungeon.
You worshipped Ru.
Ru was noncommittal.
You were not hungry.
You were a tree.
You visited 1 branch of the dungeon, and saw 3 of its levels.

You collected 114 gold pieces.

Inventory:

Hand Weapons
 a - a +0 flail (weapon)
 r - a +1 dagger of speed
Missiles
 p - 8 stones (quivered)
 s - 8 poisoned darts
Armour
 b - a +0 scale mail (melded)
 c - a +0 shield (worn)
Jewellery
 o - a ring of flight (left branch)
Scrolls
 e - 2 scrolls of enchant weapon {unknown}
 i - a scroll of random uselessness {unknown}
 j - 2 scrolls of identify {unknown}
 l - a scroll of blinking {unknown}
 n - a scroll of magic mapping
 q - a scroll of remove curse {unknown}
Potions
 d - a potion of might
 g - a potion of lignification
 k - a potion of haste {unknown}
 m - a potion of heal wounds {unknown}
Comestibles
 f - 4 rations
 h - 6 chunks of flesh


   Skills:
 * Level 4.8 Fighting
 - Level 3.0 Maces & Flails
 + Level 1.0 Throwing
 + Level 4.3 Armour
 * Level 4.8 Shields


You had 3 spell levels left.
You didn't know any spells.
Your spell library was empty.

Dungeon Overview and Level Annotations

Branches:
Dungeon (3/15)

Altars:
Ru
Zin


Innate Abilities, Weirdness & Mutations

((You reflexively headbutt those who attack you in melee.))
((You have a pair of horns on your head.))


Message History

The gnoll hits you with a +0 spear.
You hit the gnoll.
The gnoll is almost dead.
The gnoll hits you with a +0 spear.
You hit the gnoll.
You kill the gnoll!
Your shield prevents you from hitting the gnoll.
The gnoll hits you with a +0 flail!
* * * LOW HITPOINT WARNING * * *
a - a +0 flail (weapon)
It was a potion of lignification.
You turn into a tree.
Your +0 scale mail melds into your body.
Your roots penetrate the ground.
The gnoll hits you but does no damage.
You hit the gnoll.
The gnoll is moderately wounded.
You block the gnoll's attack.
You hit the gnoll.
The gnoll is severely wounded.
The gnoll hits you with a +0 flail.
You die...

*..(..,,**,,,,,,,*#.
*,.(.,,,*,,,,,,,,,#.
**...,*,**,,,,,,,*#.
*.(.,,,***,,,,,**## *#(#****
**..,** #.# *#.** #)# #.######
########g# #...#... #......#♣####
*#......
#.###.......#######..#.#.
#########.###..#.##.##...#...#.#.
...##..........#...,..(........#.
##.##.###.##...####.##...#..####.
......# #.##...#***,####*#..####.
.#.##.# #........,,,* ##.......
.#.##.# #.##.#.##**** #...#####
.#....# #.##.#.# #...#


You could see a gnoll.

Vanquished Creatures
  6 gnolls
  An adder (D:2)
  2 worms (D:2)
  A dart slug (D:1)
  A leopard gecko (D:1)
  6 bats
  3 giant cockroaches
  2 goblins (D:1)
  8 hobgoblins
  3 jackals (D:1)
  4 kobolds
  3 quokkas
  3 frilled lizards
  3 rats
46 creatures vanquished.

Notes
Turn   | Place    | Note
-------+----------+-------------------------------------------
     0 | D:1      | FishyPogo the Minotaur Fighter began the quest for the Orb.
     0 | D:1      | Reached XP level 1. HP: 19/19 MP: 0/0
   130 | D:1      | Reached XP level 2. HP: 27/27 MP: 1/1
   316 | D:1      | Reached XP level 3. HP: 33/33 MP: 2/2
   718 | D:3      | Noticed a gnoll sergeant
   738 | D:3      | Reached XP level 4. HP: 27/41 MP: 3/3
   811 | D:2      | Found a glowing silver altar of Zin.
   819 | D:2      | Found a sacrificial altar of Ru.
   834 | D:2      | Became a worshipper of Ru the Awakened
  1092 | D:2      | Reached skill level 1 in Throwing
  1111 | D:2      | Slain by a gnoll

Levels and vault maps discovered:
D:1:      dpeg_arrival_rooms_c, layout_loops_ring, minmay_tetromino_o4
D:2:      layout_loops_cross, lemuel_doored_altar, nicolae_ru_awakened_eye
D:3:      layout_loops_ring, minmay_fractal_squares_gapless_5

Skill      XL: |  1  2  3  4 |
---------------+-------------+-----
Fighting       | 4 |  4.8
Shields        | 4 |  4.8
Armour         | 4 |  4.3
Maces & Flails | 3 |  3.0
Throwing       | 1 |  1.0

Action                   |  1- 3 |  4- 6 || total
-------------------------+-------+-------++-------
Melee: Flail             |    77 |    19 ||    96
       Headbutt          |     7 |     6 ||    13
       Dagger            |       |    28 ||    28
Throw: Stone             |     3 |     5 ||     8
       Dart              |     3 |       ||     3
  Use: Scroll            |     1 |       ||     1
       Potion            |       |     1 ||     1
  Eat: Chunk             |       |     1 ||     1
Armor: Scale mail        |    36 |     9 ||    45
       Skin              |       |     1 ||     1
Dodge: Dodged            |    21 |     4 ||    25
Block: Shield            |    35 |    16 ||    51
